AoeStats
← waLLefps.

Arena

506879019Analyzed
4v4 RM · 17d ago on Sep 15, 2026· 34m 44s· 8 players
Game mode
Random Map
Map size
Large (8 player)
Population
200
Speed
Normal
Resources
Standard
Victory
Conquest
Starting age
Dark Age
Ending age
Imperial Age
RankedLock teamsTeams togetherTeam positionsShared explorationLock speedFull tech treeHidden civsTurbo modeCheats
Victory
Defeat
🇹🇷 Khmer · Türkiye
1411
+11
🇹🇷 Romans · Türkiye
1405
+11
🇹🇷 Burmese · Türkiye
1389
+12
🇨🇳 Teutons · China
1317
+15
🇭🇺 Byzantines · Hungary
1326
-13
🇹🇼 Magyars · Taiwan
1308
-13
🇬🇪 Tupi · Georgia
1290
-12
🇺🇸 Italians · United States
1269
-11
AJR86
10:42 Feudal Age
14:36 Castle Age
12:56 Double-Bit Axe
13:15 Horse Collar
16:08 Bow Saw
17:03 Loom
21:13 Wheelbarrow
22:37 Heavy Plow
23:40 Hand Cart
23:51 Gold Mining
23:57 Stone Mining
27:56 Scale Mail Armor
30:33 Imperial Age
28:18 Forging
28:24 Fletching
28:07 Pikeman
29:33 Chain Mail Armor
29:16 Bodkin Arrow
30:26 Iron Casting
29:54 Padded Archer Armor
31:25 Bracer
32:58 Chemistry
32:30 Conscription
32:53 Plate Mail Armor
31:45 Halberdier
32:26 Squires
32:59 Ballistics
34:09 Hoardings
cha0300775
10:26 Feudal Age
11:55 Double-Bit Axe
14:31 Castle Age
12:39 Horse Collar
16:00 Bow Saw
17:14 Loom
17:52 Gold Mining
21:44 Town Watch
22:46 Fervor
22:58 Sanctity
24:46 Wheelbarrow
25:29 Heavy Plow
30:12 Imperial Age
27:43 Stone Mining
28:02 Scale Barding Armor
28:20 Scale Mail Armor
29:04 Chain Barding Armor
28:30 Treadmill Crane
29:10 Hand Cart
29:21 Husbandry
29:32 Bloodlines
29:47 Chain Mail Armor
30:56 Gold Shaft Mining
30:01 Light Cavalry
32:07 Chemistry
31:20 Masonry
31:15 Siege Engineers
30:39 Cavalier
34:20 Plate Barding Armor
torkiel
4:51 Loom
11:15 Feudal Age
13:25 Double-Bit Axe
13:22 Horse Collar
16:27 Castle Age
18:42 Wheelbarrow
18:26 Bow Saw
18:55 Wheelbarrow
21:01 Town Watch
24:30 Hand Cart
26:06 Heavy Plow
26:00 Gold Mining
26:03 Stone Mining
29:46 Imperial Age
27:50 Elite Skirmisher
28:49 Fletching
28:59 Padded Archer Armor
29:50 Gold Shaft Mining
29:31 Bodkin Arrow
29:59 Ballistics
30:58 Bracer
31:19 Onager
Embers1000
10:26 Feudal Age
14:05 Castle Age
12:48 Double-Bit Axe
12:44 Horse Collar
13:07 Stone Mining
13:02 Loom
15:11 Bow Saw
18:55 Fletching
21:33 Gold Mining
25:50 Imperial Age
24:37 Bodkin Arrow
24:43 Padded Archer Armor
25:45 Stone Shaft Mining
25:58 Wheelbarrow
waLLefps.
12:28 Feudal Age
15:49 Castle Age
13:38 Double-Bit Axe
13:42 Horse Collar
18:20 Bow Saw
18:13 Heavy Plow
23:07 Wheelbarrow
23:39 Loom
25:36 Hand Cart
25:16 Gold Mining
25:16 Stone Mining
29:13 Imperial Age
27:17 Town Watch
28:21 Gold Shaft Mining
28:22 Stone Shaft Mining
28:15 Scale Barding Armor
28:20 Forging
28:01 Fletching
28:39 Tusk Swords
29:32 Bloodlines
29:23 Husbandry
28:56 Light Cavalry
29:58 Chain Barding Armor
31:53 Plate Barding Armor
32:24 Hussar
33:48 Iron Casting
33:09 Bodkin Arrow
33:41 Capped Ram
34:29 Siege Engineers
35:26 Chemistry
34:43 Elite Battle Elephant
Tameryig1t
8:53 Feudal Age
14:26 Castle Age
13:16 Man-at-Arms
13:42 Arson
14:41 Scale Mail Armor
14:51 Forging
15:21 Wheelbarrow
14:32 Loom
15:34 Squires
15:55 Horse Collar
16:12 Gambesons
17:47 Long Swordsman
20:43 Town Watch
21:43 Gold Mining
22:59 Forging
25:33 Chain Mail Armor
33:53 Imperial Age
31:35 Heavy Plow
32:22 Iron Casting
32:48 Treadmill Crane
32:38 Pikeman
34:39 Hand Cart
34:24 Town Patrol
34:05 Two-Handed Swordsman
800分天才玩家
10:38 Feudal Age
9:53 Loom
14:42 Castle Age
12:59 Double-Bit Axe
13:50 Horse Collar
16:25 Bow Saw
20:41 Wheelbarrow
23:03 Hand Cart
23:26 Heavy Plow
23:20 Gold Mining
23:21 Stone Mining
25:55 Stone Shaft Mining
29:47 Imperial Age
27:03 Loom
27:33 Scale Barding Armor
27:38 Forging
27:55 Town Watch
29:02 Chain Barding Armor
29:55 Scale Mail Armor
30:31 Iron Casting
31:36 Chain Mail Armor
32:24 Two-Man Saw
31:56 Crop Rotation
30:57 Elite Teutonic Knight
31:58 Conscription
33:44 Onager
klostrofobikköstebek
10:08 Feudal Age
14:23 Castle Age
12:12 Double-Bit Axe
12:13 Horse Collar
16:49 Wheelbarrow
17:25 Heavy Plow
21:10 Bow Saw
21:38 Hand Cart
22:02 Loom
26:49 Imperial Age
24:33 Gold Mining
25:46 Ballistics
25:43 Ballistas
26:34 Gold Shaft Mining
26:50 Heavy Scorpion
28:32 Chemistry
27:30 Pikeman
28:12 Squires
28:14 Scale Mail Armor
28:24 Forging
29:24 Crop Rotation
29:58 Chain Mail Armor
29:58 Halberdier
32:02 Iron Casting
32:50 Siege Engineers
35:27 Blast Furnace
34:23 Capped Ram
34:29 Light Cavalry
35:20 Bloodlines
35:10 Husbandry
Connection lost

Rejoining the realm…

Still unreachable

The connection could not be restored.

Session expired

The server has moved on; the page needs a fresh start.